 Dungeon Crawl Stone Soup version 0.19-a0-20-g1ce5f50 (webtiles) character file.

51 tyvek the Chiller (level 3, 0/24 HPs)
             Began as a Merfolk Ice Elementalist on May 1, 2016.
             Succumbed to a kobold's poison
             ... on level 2 of the Dungeon.
             The game lasted 00:06:40 (1820 turns).

tyvek the Chiller (Merfolk Ice Elementalist)        Turns: 1820, Time: 00:06:41

Health: 0/24       AC:  2    Str:  8    XL:     3   Next: 83%
Magic:  7/7        EV: 13    Int: 16    God:
Gold:   82         SH:  0    Dex: 15    Spells: 2 memorised, 4 levels left

rFire  . . .     SeeInvis .     c - 3 bread rations {@e1}
rCold  . . .     Gourm    .     a - +0 robe
rNeg   . . .     Faith    .     (no shield)
rPois  .         Spirit   .     (no helmet)
rElec  .         Dismiss  .     (no cloak)
rCorr  .         Reflect  .     (no gloves)
SustAt .         Harm     .     (no boots)
MR     .....                    (no amulet)
Stlth  ++........               (no ring)
                                d - +2 ring of intelligence

@: lethally poisoned (0 -> -6), very slightly contaminated, hasted, very quick,
not resistant to hostile enchantments, unstealthy
A: change form in water, swift swim
a: no special abilities


You were on level 2 of the Dungeon.
You were not hungry.

You visited 1 branch of the dungeon, and saw 2 of its levels.

You collected 82 gold pieces.

Inventory:

Hand Weapons
 h - a +2 dagger of flaming
   (You found it on level 1 of the Dungeon)
Armour
 a - a +0 robe (worn)
Jewellery
 d - a +2 ring of intelligence (left hand)
   (You found it on level 1 of the Dungeon)
Scrolls
 e - 2 scrolls of identify {unknown}
 g - a scroll of remove curse {unknown}
 j - a scroll of magic mapping {unknown}
 k - a scroll of random uselessness {unknown}
Books
 b - a book of Frost
Comestibles
 c - 3 bread rations (in hand) {@e1}
 i - 2 chunks of flesh {@w0}


   Skills:
 - Level 2.6 Dodging
 - Level 2.1 Stealth
 * Level 3.0 Spellcasting
   Level 0.7 Conjurations
 + Level 4.1 Ice Magic


You had 4 spell levels left.
You knew the following spells:

 Your Spells              Type           Power        Failure   Level  Hunger
a - Freeze                Ice            ###.         4%          1    #......
A - Ozocubu's Armour      Chrm/Ice       #.......     28%         3    ###....


Dungeon Overview and Level Annotations

Branches:
Dungeon (2/15)

Altars:


Message History

You hit the rat. You burn the rat.
You kill the rat!
The hobgoblin hits you with a club.
You take 3 damage, and have 21/24 hp.
You closely miss the hobgoblin. The hobgoblin barely misses you.
You hit the hobgoblin. You burn the hobgoblin.
The hobgoblin closely misses you.
You hit the hobgoblin but do no damage. The hobgoblin misses you.
You closely miss the hobgoblin. The hobgoblin closely misses you.
You closely miss the hobgoblin.
The hobgoblin hits you but does no damage.
You hit the hobgoblin but do no damage. The hobgoblin hits you with a club.
You take 3 damage, and have 18/24 hp.
You completely miss the hobgoblin. The hobgoblin closely misses you.
You hit the hobgoblin. You burn the hobgoblin.
You kill the hobgoblin!
No target in view!
You start resting.
Health restored: 24
k - a scroll labeled DOISMUNUME
There is a stone staircase leading down here.
Some of the chunks of flesh in your inventory have rotted away.
A kobold comes into view. It is wielding a short sword of venom.
The kobold shouts!
You see here a meat ration {@e2}.
The kobold throws a stone.
The stone misses you.
The kobold hits you with a short sword of venom.
You are poisoned.
You take 2 damage, and have 22/24 hp.
You closely miss the kobold.
You feel sick. The kobold closely misses you.
You take 1 damage, and have 21/24 hp.
You closely miss the kobold.
You feel sick.
The kobold hits you with a short sword of venom.
You are lethally poisoned!
You take 6 damage, and have 15/24 hp.
MASSIVE DAMAGE!!
You feel sick.
You take 1 damage, and have 14/24 hp.
You feel sick.
The kobold throws a stone.
The stone barely misses you.
You take 1 damage, and have 13/24 hp.
Drink which item? (? for menu, Esc to quit)
It was a potion of haste.
You feel yourself speed up.
You feel sick.
The kobold throws a stone.
The stone hits you but does no damage.
You are very lightly contaminated with residual magic.
You take 1 damage, and have 12/24 hp.
Wield which item (- for none, * to show all)? (? for menu, Esc to quit)
Okay, then.
You feel sick. The kobold barely misses you.
You take 1 damage, and have 11/24 hp.
Aim: a kobold, wielding a short sword of venom You freeze the kobold.
You kill the kobold!
You feel sick.
You take 1 damage, and have 10/24 hp.
You now have 6/7 mp.
Wield which item (- for none, * to show all)? (? for menu, Esc to quit)
Your +2 dagger of flaming stops flaming.
c - 3 bread rations (in hand) {@e1} You swing at nothing.
You feel sick.
You take 1 damage, and have 9/24 hp.
You swing at nothing.
You feel sick.
You take 1 damage, and have 8/24 hp.
You swing at nothing.
* * * LOW HITPOINT WARNING * * *
You feel sick.
You take 1 damage, and have 7/24 hp.
You swing at nothing.
* * * LOW HITPOINT WARNING * * *
You feel sick.
You take 1 damage, and have 6/24 hp.
You swing at nothing.
* * * LOW HITPOINT WARNING * * *
You feel sick.
You take 1 damage, and have 5/24 hp.
You swing at nothing.
* * * LOW HITPOINT WARNING * * *
You feel sick.
You take 1 damage, and have 4/24 hp.
You swing at nothing.
* * * LOW HITPOINT WARNING * * *
You feel sick.
You take 1 damage, and have 3/24 hp.
You swing at nothing.
MP restored: 7 You aren't carrying any potions.
You swing at nothing.
* * * LOW HITPOINT WARNING * * *
You feel sick.
You swing at nothing.
You swing at nothing.
* * * LOW HITPOINT WARNING * * *
You feel sick.
You take 1 damage, and have 2/24 hp.
You swing at nothing.
* * * LOW HITPOINT WARNING * * *
You feel sick.
You take 1 damage, and have 1/24 hp.
You swing at nothing.
You swing at nothing.
You swing at nothing.
You die...

.....# #.#.... .....#
#.##... .....#
#...### ##..## #.#.#
#.## #.#.#
##.#####.#.#
......##.#.# #
#.###.##.#.########.#
...........(..%(@)..#
....#.###############
#.###.# #.###.#
......# #######


There were no monsters in sight!

Vanquished Creatures
  An adder (D:2)
  2 oozes (D:1)
  3 giant geckos
  3 bats (D:1)
  5 goblins (D:1)
  6 hobgoblins
  2 giant newts (D:1)
  2 kobolds
  5 rats
29 creatures vanquished.

Notes
Turn   | Place    | Note
--------------------------------------------------------------
     0 | D:1      | tyvek the Merfolk Ice Elementalist began the quest for the Orb.
     0 | D:1      | Reached XP level 1. HP: 13/13 MP: 3/3
   364 | D:1      | Reached XP level 2. HP: 19/19 MP: 3/5
   893 | D:1      | Reached XP level 3. HP: 20/24 MP: 7/7
  1503 | D:1      | Reached skill level 4 in Ice Magic
  1630 | D:2      | Reached skill level 3 in Spellcasting
  1642 | D:2      | Learned a level 3 spell: Ozocubu's Armour
  1809 | D:2      | HP: 6/24 [poisoned by a kobold]
  1813 | D:2      | Chudface: RIP
  1814 | D:2      | tyvek: :((
  1814 | D:2      | Chudface: quaff pots?
  1814 | D:2      | Chudface: or none left
  1814 | D:2      | tyvek: nada
  1814 | D:2      | Chudface: zz
  1814 | D:2      | tyvek: had one un-id pot
  1814 | D:2      | Chudface: that's the worst
  1814 | D:2      | Chudface: death by poison worst death
  1814 | D:2      | Chudface: =(
  1814 | D:2      | HP: 3/24 [poisoned by a kobold]
  1817 | D:2      | HP: 1/24 [poisoned by a kobold]
  1820 | D:2      | Succumbed to a kobold's poison

Vault maps used:
D:1:      eino_arrival_cavern_b, st_stairs_8
D:2:      gammafunk_temple_overflow_statue, first_bread,
          grunt_decor_mini_mirrors

Skill      XL: |  1  2  3 |
---------------+----------+-----
Ice Magic      | 4 |  4.1
Spellcasting   | 3 |  3.0
Dodging        | |  2.6
Stealth        | |  2.1
Conjurations   | |  0.7

Action                   || total
-------------------------++-------
Melee: Unarmed           ||    11
       Dagger            ||    43
 Cast: Freeze            ||    18
  Use: Potion            ||     1
 Stab: Sleeping          ||     6
  Eat: Meat ration       ||     1
Armor: Robe              ||     4
Dodge: Dodged            ||    34

Vault maps used:
D:1:      eino_arrival_cavern_b, st_stairs_8
D:2:      gammafunk_temple_overflow_statue, first_bread,
          grunt_decor_mini_mirrors

Table legend:
 A = Turns spent in this place as a percentage of turns spent in the entire game.
 B = Non-inter-level travel turns spent in this place as a percentage of non-inter-level travel turns spent in the entire game.
 C = Inter-level travel turns spent in this place as a percentage of turns spent in this place.
 D = Turns resting spent in this place as a percentage of non-inter-level travel turns spent in this place.
 E = Turns spent auto-exploring this place as a percentage of non-inter-level travel turns spent in this place.
 F = Non-inter-level travel turns spent in this place divided by the number of levels of this place that you've seen.
                   A       B       C       D       E      F
               +-------+-------+-------+-------+-------+----------------------
         Total | 100.0 | 100.0 |   0.3 |   7.4 |  13.4 | 176.0
       Dungeon | 100.0 | 100.0 |   0.3 |   7.4 |  13.4 | 176.0
               +-------+-------+-------+-------+-------+----------------------

Table legend:
 A = Kills in this place as a percentage of kills in entire the game.
 B = Kills by you in this place as a percentage of kills by you in the entire game.
 C = Kills by friends in this place as a percentage of kills by friends in the entire game.
 D = Other kills in this place as a percentage of other kills in the entire game.
 E = Experience gained in this place as a percentage of experience gained in the entire game.
 F = Experience gained in this place divided by the number of levels of this place that you have seen.
                   A       B       C       D       E      F
               +-------+-------+-------+-------+-------+----------------------
         Total | 100.0 | 100.0 |  -nan |  -nan | 100.0 |  37.0
       Dungeon | 100.0 | 100.0 |  -nan |  -nan | 100.0 |  37.0
               +-------+-------+-------+-------+-------+----------------------
